Cogmind - Beta 14 @@@ ROGUE MODE // 2024.10.24 @ 19:21:26 Player: weedlord420 Result: Self-destructed Performance ------------- Evolutions (2) 1000 Regions Visited (5) 1000 Robots Destroyed (50) 250 Value Destroyed (995) 995 Prototype IDs (6) 120 Alien Tech Used (0) 0 Bonus (-103) -103 TOTAL SCORE: 3262 Bonus ------- Friendly Fire -103 Cogmind --------- Core Integrity 370/550 Matter 186/300 Energy 240/240 System Corruption 0% Temperature Cool (0) Movement Rolling (95) Ox1 Location -8/Materials Parts ------- > --- POWER (1) -------- Nuclear Core > --- PROPULSION (2) --- Wheel Wheel > --- UTILITY (6) ------ Improved Heat Sink Large Storage Unit Improved Light Armor Plating Hacking Suite > --- WEAPON (2) ------- Minigun Heavy Mace > --- INVENTORY (15) --- Ion Engine Light Nuclear Core Wheel Improved Signal Interpreter Hacking Suite Decoy Drone Bay (16/16) Particle Gun Ion Cannon Grenade Launcher Rocket Launcher Peak State ------------ > --- POWER ------------ Nuclear Core > --- PROPULSION ------- Wheel Compact Wheel > --- UTILITY ---------- Improved Heat Sink Improved Heat Sink Large Storage Unit Structural Scanner Improved Light Armor Plating Hacking Suite > --- WEAPON ----------- Particle Gun Particle Gun > --- INVENTORY -------- Ion Engine Light Nuclear Core Wheel Wheel Wheel Improved Signal Interpreter Hacking Suite Decoy Drone Bay Small Laser Beam Cannon Light Assault Rifle Grenade Launcher Rocket Launcher Heavy Mace [Rating: 26] Favorites ----------- Power Ion Engine Engine Ion Engine Power Core Light Nuclear Core Propulsion Compact Wheel Wheel Compact Wheel Utility Large Storage Unit Device Structural Scanner Storage Large Storage Unit Hackware Hacking Suite Protection Improved Light Armor Plating Weapon Beam Cannon Energy Gun Medium Laser Energy Cannon Beam Cannon Ballistic Gun Light Assault Rifle Launcher Grenade Launcher Impact Weapon Heavy Mace Build | -11 -10 -10 -10 -9 -8 ------- Run | Yrd Mat Min Exi Min Mat Slots Evolved 4 | . . . . . 4 Power . | . . . . . . Propulsion . | . . . . . . Utility 4 | . . . . . 4 Weapon . | . . . . . . Parts Attached 44 | 6 6 4 3 2 23 Power 4 | 1 1 . 1 . 1 Engine 2 | 1 1 . . . . Core 2 | . . . 1 . 1 Reactor . | . . . . . . Propulsion 8 | 2 1 1 1 . 3 Treads . | . . . . . . Leg . | . . . . . . Wheel 8 | 2 1 1 1 . 3 Hover . | . . . . . . Flight . | . . . . . . Utility 10 | 1 2 . . . 7 Device 5 | . 1 . . . 4 Storage 3 | 1 1 . . . 1 Processor . | . . . . . . Hackware 1 | . . . . . 1 Protection 1 | . . . . . 1 Artifact . | . . . . . . Weapon 22 | 2 2 3 1 2 12 Energy Gun 6 | . . . 1 . 5 Energy Cannon 4 | . 1 . . 1 2 Ballistic Gun 5 | 2 1 1 . . 1 Ballistic Cannon . | . . . . . . Launcher 5 | . . 2 . 1 2 Special Weapon . | . . . . . . Impact Weapon 2 | . . . . . 2 Slashing Weapon . | . . . . . . Piercing Weapon . | . . . . . . Special Melee Weapon . | . . . . . . Unidentified Prototypes 1 | . . . . . 1 Parts Lost 14 | . 3 2 . . 9 Power 2 | . 1 . . . 1 Propulsion 6 | . 1 2 . . 3 Utility 3 | . . . . . 3 Weapon 3 | . 1 . . . 2 Highest Loss Streak 4 | . 1 1 . . 4 To Critical Strikes . | . . . . . . Average Slot Usage (%) 90 | . 87 98 89 99 82 Engine 8 | . 13 14 9 . . Core 3 | . . . 4 14 8 Wheel 24 | . 27 26 18 28 16 Device 10 | . 3 14 14 14 20 Storage 12 | . 14 14 14 14 9 Hackware 1 | . . . . . 6 Energy Gun 3 | . . . 3 13 9 Energy Cannon 7 | . 5 14 14 13 3 Ballistic Gun 12 | . 22 12 . . 1 Launcher 1 | . . 1 10 . . Peak Build Rating 26 | 6 8 10 12 12 26 Average Rating 11 | 3 6 9 9 11 21 On Entrance 7 | . 6 8 9 12 11 Naked Turns . | . . . . . . Heaviest Build 41 | 11 30 32 32 31 41 Greatest Support 32 | 26 32 32 26 26 26 Greatest Overweight (x) 3 | . 1 3 3 1 2 Average Overweight (x) . | . . . 2 1 1 Largest Inventory Capacity 15 | 8 15 15 15 15 15 Average Capacity 14 | 6 14 15 15 15 15 Most Carried 15 | 5 9 12 12 13 15 Average Carried 8 | 2 4 11 11 12 12 Final Capacity 15 | 8 15 15 15 15 15 Final Carried 13 | 1 9 12 11 13 11 Class Distribution -------------------- 85% | Mutant 14% | Scavenger-Mutant Dominant Class ---------------- Mutant | -10/Materials Mutant | -10/Mines Mutant | -10/Exiles Mutant | -9/Mines Scavenger-Mutant | -8/Materials Resources | -11 -10 -10 -10 -9 -8 ----------- Run | Yrd Mat Min Exi Min Mat Matter Collected 873 | 198 296 79 . 121 179 Remotely . | . . . . . . Salvage Created 1277 | . 571 76 . 77 553 Parts 92 | . 42 13 . 9 28 Haulers Intercepted 1 | . 1 . . . . Recyclers Shooed . | . . . . . . Parts Field Recycled . | . . . . . . Retrieved Matter . | . . . . . . Parts Self-Destructed . | . . . . . . Prevented . | . . . . . . Kills | -11 -10 -10 -10 -9 -8 ------- Run | Yrd Mat Min Exi Min Mat Combat Hostiles Destroyed 33 | . 7 8 . 5 13 Guns 13 | . 6 1 . 2 4 Cannons 6 | . 1 3 . 1 1 AOE 10 | . . 4 . 2 4 Classes Destroyed 13 | . 8 1 . 1 3 Worker 5 | . 3 . . . 2 Builder 3 | . 1 . . . 2 Tunneler 1 | . . . . 1 . Hauler 1 | . 1 . . . . Recycler 2 | . 2 . . . . Operator 3 | . 2 . . . 1 Watcher 3 | . 2 . . . 1 Swarmer 17 | . 3 6 . 5 3 Grunt 12 | . 4 1 . . 7 Brawler 1 | . . . . . 1 Sentry 1 | . . . . . 1 Hunter 1 | . . . . . 1 Assembled 1 | . . 1 . . . Best Kill Streak 5 | . 3 3 . 3 5 Combat Bots Only 6 | . 2 3 . 3 6 Max Kills in Single Turn 3 | . 1 3 . 2 3 Gunslinging . | . . . . . . Exploded 2 | . . 2 . 1 2 Melee . | . . . . . . Uniques/NPCs Destroyed . | . . . . . . Combat | -11 -10 -10 -10 -9 -8 -------- Run | Yrd Mat Min Exi Min Mat Hostile Shots Fired 177 | . 49 24 . 16 88 Missed 47 | . 10 6 . 5 26 Damage Taken 1716 | . 424 279 . 95 918 Core 403 | . 129 67 . 27 180 Absorbed by Shields . | . . . . . . Core Remaining (%) 55 | 100 . . . 10 . Volleys Fired 145 | . 68 28 . 7 42 Largest 2 | . 2 2 . 2 2 Hottest 130 | . 80 90 . 110 130 Shots Fired 277 | . 136 44 . 14 83 Gun 181 | . 106 8 . 7 60 Cannon 79 | . 30 24 . 5 20 Launcher 17 | . . 12 . 2 3 Special . | . . . . . . Kinetic 117 | . 106 8 . . 3 Thermal 143 | . 30 24 . 12 77 Explosive 17 | . . 12 . 2 3 Electromagnetic . | . . . . . . Robot Hit Streak 11 | . 6 6 . 4 11 Robot Miss Streak 5 | . 5 2 . 2 2 Penetration Max . | . . . . . . Secondary Targets 2 | . 2 . . . . Max Gunslinging Chain 1 | . 1 . . . . Shots Hit Robots 153 | . 73 9 . 6 65 Core Hits 80 | . 37 10 . 7 26 Critical Kills . | . . . . . . Critical Parts Destroyed . | . . . . . . Critical Strikes 3 | . . . . . 3 Burn 2 | . . . . . 2 Smash 1 | . . . . . 1 Melee Attacks 16 | . . . . . 16 Impact 16 | . . . . . 16 Slashing . | . . . . . . Piercing . | . . . . . . Sneak Attacks 1 | . . . . . 1 Combat Hostiles . | . . . . . . Follow-up Attacks . | . . . . . . Damage Inflicted 3509 | . 866 479 . 209 1955 Guns 1327 | . 555 16 . 36 720 Cannons 703 | . 311 88 . 52 252 Explosions 1099 | . . 375 . 121 603 Melee 380 | . . . . . 380 Ramming . | . . . . . . Kinetic 588 | . 555 16 . . 17 Thermal 1442 | . 311 88 . 88 955 Explosive 1099 | . . 375 . 121 603 Electromagnetic . | . . . . . . Impact 380 | . . . . . 380 Slashing . | . . . . . . Piercing . | . . . . . . Highest Corruption 2 | . 2 2 2 2 . Average Corruption 2 | . 2 2 2 2 . Corruption Purged . | . . . . . . Corruption Blocked . | . . . . . . Effects 24 | . 13 4 1 6 . Message Errors 6 | . 5 1 . . . Matter Fused 5 | . . 3 1 1 . Heat Flow Errors 2 | . 1 . . 1 . Energy Discharges 4 | . 3 . . 1 . Parts Rejected 1 | . . . . 1 . Parts Fused 1 | . . . . 1 . Data Loss (minor) 1 | . 1 . . . . Data Loss (major) 2 | . 1 . . 1 . Misfires 1 | . 1 . . . . Weapon Failures 1 | . 1 . . . . Overload Shots . | . . . . . . Overflow Damage 70 | . 2 4 . 4 60 Projectiles 2 | . 2 . . . . Explosions 36 | . . 4 . 4 28 Melee 32 | . . . . . 32 Knockbacks . | . . . . . . Impact . | . . . . . . Kinetic . | . . . . . . Secondary . | . . . . . . Self-Inflicted Damage 106 | . . 106 . . . Shots 5 | . . 5 . . . Rammed . | . . . . . . Targets Rammed . | . . . . . . Kicked . | . . . . . . Crushed . | . . . . . . Highest Temperature 240 | . 169 240 . 101 108 Average Temperature 57 | . 49 116 . 35 29 Received Heat Transfer 603 | . 171 12 . 6 414 Siege Activations . | . . . . . . Robots Corrupted 2 | . . . . . 2 Combat Hostiles 2 | . . . . . 2 Parts Fried 2 | . . . . . 2 Impact Corruptions 3 | . . . . . 3 Robots Melted 2 | . . . . . 2 Combat Hostiles 2 | . . . . . 2 Parts Melted 6 | . 1 . . . 5 Heat Transferred 3293 | . 666 185 . 222 2220 Parts Sabotaged . | . . . . . . Parts Stolen . | . . . . . . Parts Stripped . | . . . . . . Power Chain Reactions . | . . . . . . Alert | -11 -10 -10 -10 -9 -8 ------- Run | Yrd Mat Min Exi Min Mat Peak Influence 315 | . 202 226 . 151 315 Initial 58 | . . 7 . . 58 Average 103 | . 55 159 . 91 159 Maximum Alert Level 1 | . 1 1 . . 1 Low Security (%) 80 | 100 98 41 . 100 65 Level 1 19 | . 1 58 . . 34 Level 2 . | . . . . . . Level 3 . | . . . . . . Level 4 . | . . . . . . Level 5 . | . . . . . . High Security . | . . . . . . Max Security . | . . . . . . Squads Dispatched 5 | . . . . . 5 Investigation 1 | . . . . . 1 Extermination . | . . . . . . Reinforcement 3 | . . . . . 3 Assault . | . . . . . . Garrison 1 | . . . . . 1 Intercept . | . . . . . . Searches Triggered . | . . . . . . Construction Impeded 2 | . . . . . 2 Haulers Reinforced . | . . . . . . Active Scanning Responses . | . . . . . . Cargo Convoy Interrupts . | . . . . . . Stealth | -11 -10 -10 -10 -9 -8 --------- Run | Yrd Mat Min Exi Min Mat Distress Signals 3 | . 1 . . . 2 Communications Jammed . | . . . . . . Distress Signals . | . . . . . . Times Spotted 56 | . 17 8 . 9 22 Peak Tracking Total 5 | . 4 3 . 3 5 Tactical Retreats 4 | . 2 . . 1 1 Traps | -11 -10 -10 -10 -9 -8 ------- Run | Yrd Mat Min Exi Min Mat Traps Triggered 2 | . 1 . . . 1 Indirectly . | . . . . . . Trap Hack Attempts . | . . . . . . Triggered . | . . . . . . Disarmed . | . . . . . . Reprogrammed . | . . . . . . Reused . | . . . . . . Traps Extracted . | . . . . . . Installed . | . . . . . . Triggered 1 | . . 1 . . . Machines | -11 -10 -10 -10 -9 -8 ---------- Run | Yrd Mat Min Exi Min Mat Machines Disabled 5 | . 1 2 . . 2 Max in Single Turn 1 | . 1 1 . . 1 Machines Repaired . | . . . . . . Machines Dismantled . | . . . . . . Machines Sabotaged . | . . . . . . Overloaded Fab Kills . | . . . . . . Hacking | -11 -10 -10 -10 -9 -8 --------- Run | Yrd Mat Min Exi Min Mat Machines Accessed 14 | . 8 1 1 . 4 Terminals 12 | . 8 . . . 4 Fabricators . | . . . . . . Repair Stations . | . . . . . . Recycling Units . | . . . . . . Scanalyzers . | . . . . . . Garrison Access . | . . . . . . Total Hacks 38 | . 29 1 1 . 7 Successful 20 | . 16 1 1 . 2 Failed 18 | . 13 . . . 5 Catastrophic 4 | . 3 . . . 1 Database Lockouts . | . . . . . . Manual 24 | . 19 . . . 5 Terminals 36 | . 29 . . . 7 Fabricators . | . . . . . . Repair Stations . | . . . . . . Recycling Units . | . . . . . . Scanalyzers . | . . . . . . Garrison Access . | . . . . . . Terminal Hacks 11 | . 8 1 1 . 1 Record 1 | . . . 1 . . Prototype ID Bank 3 | . 3 . . . . Open Door 1 | . . 1 . . . Terminal Index 1 | . 1 . . . . Unreport Threat 1 | . 1 . . . . Locate Traps 4 | . 3 . . . 1 Fabricator Hacks . | . . . . . . Repair Station Hacks . | . . . . . . Recycling Unit Hacks . | . . . . . . Scanalyzer . | . . . . . . Garrison Access Hacks . | . . . . . . Unauthorized Hacks 9 | . 8 . . . 1 Terminals 9 | . 8 . . . 1 Track 1 | . 1 . . . . Assimilate 3 | . 3 . . . . Botnet 3 | . 3 . . . . Operators 2 | . 1 . . . 1 Fabricators . | . . . . . . Repair Stations . | . . . . . . Recycling Units . | . . . . . . Scanalyzers . | . . . . . . Garrison Access . | . . . . . . Data Cores Recovered . | . . . . . . Used . | . . . . . . Hacking Detections 12 | . 8 . . . 4 Full Trace Events . | . . . . . . Feedback Events . | . . . . . . Feedback Blocked . | . . . . . . Robot Schematics Acquired . | . . . . . . Robots Built . | . . . . . . Authchips . | . . . . . . Time . | . . . . . . Total Robot Build Rating . | . . . . . . Part Schematics Acquired . | . . . . . . Parts Built . | . . . . . . Authchips . | . . . . . . Time . | . . . . . . Total Part Build Rating . | . . . . . . Parts Repaired . | . . . . . . Time . | . . . . . . Parts Recycled . | . . . . . . Recycled Matter . | . . . . . . Retrieved Matter . | . . . . . . Retrieved Components . | . . . . . . Parts Scanalyzed . | . . . . . . Part Schematics Acquired . | . . . . . . Parts Damaged . | . . . . . . Bothacking | -11 -10 -10 -10 -9 -8 ------------ Run | Yrd Mat Min Exi Min Mat Used RIF Installer . | . . . . . . Robots Hacked . | . . . . . . Non-combat . | . . . . . . Combat . | . . . . . . Robot Hacks Applied . | . . . . . . Relay Couplers Released . | . . . . . . Fabnet Peak Effective % . | . . . . . . Robots Rewired . | . . . . . . Allies Hacked . | . . . . . . Hacks Repelled . | . . . . . . Allies | -11 -10 -10 -10 -9 -8 -------- Run | Yrd Mat Min Exi Min Mat Total Allies 2 | . 2 . . . . Largest Group 2 | . 2 . . . . Highest-Rated Group 20 | . 20 . . . . Highest-Rated Ally 10 | . 10 . . . . Total Orders . | . . . . . . Ally Attacks . | . . . . . . Total Damage . | . . . . . . Kills . | . . . . . . Allies Corrupted . | . . . . . . Allies Melted . | . . . . . . Intel | -11 -10 -10 -10 -9 -8 ------- Run | Yrd Mat Min Exi Min Mat Robot Analysis Total . | . . . . . . Derelict Logs Recovered 1 | . . 1 . . . Drone Launches . | . . . . . . Drone Recoveries . | . . . . . . Exploration | -11 -10 -10 -10 -9 -8 ------------- Run | Yrd Mat Min Exi Min Mat Turns Passed 2965 | 36 1227 533 154 374 641 Spaces Moved 1993 | 32 860 298 127 330 346 Core 13 | 13 . . . . . Treads . | . . . . . . Legs . | . . . . . . Wheels 1980 | 19 860 298 127 330 346 Hover . | . . . . . . Flight . | . . . . . . Fastest Speed 50 | 50 90 100 105 105 95 Average Speed 101 | 75 95 105 118 105 103 Slowest Speed 130 | 100 115 125 125 105 130 Overloaded Moves . | . . . . . . Propulsion Burnouts . | . . . . . . Robots Hopped . | . . . . . . Cave-ins Triggered . | . . . . . . Exploration Rate (%) 47 | 3 94 54 49 56 31 Regions Visited 5 Branch Regions 3 Pre-discovered Areas 2 | . . 1 1 . . Known Exits Taken . | . . . . . . Unknown Exits Taken 5 | 1 1 1 1 1 . Scrap Searched 2 | . . 1 . 1 . Spaces Dug 1 | . . . . . 1 Terrain Destroyed 92 | . . 53 . 15 24 Melee 1 | . . . . . 1 Projectile . | . . . . . . AOE 91 | . . 53 . 15 23 Terrain Rammed . | . . . . . . Walls Destroyed . | . . . . . . Machines Disabled . | . . . . . . Actions | -11 -10 -10 -10 -9 -8 --------- Run | Yrd Mat Min Exi Min Mat Total 2647 | 42 1145 472 129 342 517 Wait 404 | . 196 140 . 2 66 Move 1988 | 31 859 297 126 329 346 Hop . | . . . . . . Pick Up 39 | 5 14 3 . 2 15 Fast Attach 4 | 2 . . . . 2 Attach 22 | 4 4 1 1 . 12 Detach 2 | . . . . . 2 Swap 18 | . 2 3 2 2 9 Drop 9 | . 2 . . . 7 Fire 145 | . 68 28 . 7 42 Melee 16 | . . . . . 16 Ram . | . . . . . . Kick . | . . . . . . Crush . | . . . . . . Escape Stasis . | . . . . . . Rewire . | . . . . . . Trap . | . . . . . . Miscellaneous . | . . . . . . Route ------- -11/Scrapyard -10/Materials (discovered 4 exits: [*Mat x2] / *Min / [*Sub]) -10/Mines (discovered 2 exits: [*Mat] / *Exi) -10/Exiles -9/Mines -8/Materials History --------- Turn | Location | Event 9 | -11/Scrapyard | Discovered new exit (range 16) 37 | -11/Scrapyard | Entered Materials 105 | -10/Materials | Discovered new exit (range 13) 270 | -10/Materials | Discovered new exit (range 4) 297 | -10/Materials | Discovered new exit (range 15) 316 | -10/Materials | Build established: Mutant 579 | -10/Materials | Discovered new exit (range 9) 936 | -10/Materials | Core integrity fell below 50% 1264 | -10/Materials | Entered Mines 1348 | -10/Mines | Received a Rocket Launcher from a helpful Derelict 1422 | -10/Mines | Found the Drone Emporium 1456 | -10/Mines | Found Prototype Device 1488 | -10/Mines | Discovered new exit (range 15) 1495 | -10/Mines | Learned location of Storage (-9) 1497 | -10/Mines | Learned Materials emergency access door positions 1614 | -10/Mines | Discovered new exit (range 15) 1620 | -10/Mines | Excavation squad dispatched 1620 | -10/Mines | A large section of the Mines collapsed 1797 | -10/Mines | Entered Exiles 1826 | -10/Exiles | Met 8R-AWN 1850 | -10/Exiles | Met EX-HEX 1896 | -10/Exiles | Met EX-DEC 1907 | -10/Exiles | Learned location of Zion (-6) 1942 | -10/Exiles | Discovered new exit (range 10) 1951 | -10/Exiles | Entered Mines 1973 | -9/Mines | Met a Derelict bent on vengeance 2057 | -9/Mines | Core integrity fell below 20% 2117 | -9/Mines | Discovered new exit (range 8) 2252 | -9/Mines | Assembled infested the area 2325 | -9/Mines | Entered Materials 2325 | -8/Materials | Evolved 4 slots: Utility x4 2325 | -8/Materials | Identified Decoy Drone Bay 2618 | -8/Materials | Lost 4 parts (1p1n1u1w) 2863 | -8/Materials | Garrison activated, responded to threat 2966 | -8/Materials | Self-destructed Last Messages --------------- 02864_ ALERT: Construction progress impeded, dispatching reinforcements to local area. 02866_ S-10 Pest destroyed. 02866_ K-01 Serf destroyed. 02868_ The unstable cave ceiling collapses. 02874_ K-01 Serf cleans the Processing Tank. 02911_ Acquired Lrg. Storage Unit. 02913_ Dropped Lrg. Storage Unit. 02944_ Connecting with Terminal... 02945_ Triggered Alarm Trap. 02945_ An alarm sounds. 02945_ ALERT: Alarm triggered, dispatching investigation squad. 02951_ Wheel destroyed. 02953_ Y-45 Defender suffers critical hit (Smash). 02956_ Critical hit (Burn: +37). 02965_ Slug penetrates Terminal. 02965_ Terminal disabled. 02965_ Structural Scanner destroyed. Map ----- +----------------------------------------------------+ | ?????? T + [## % | | ???????## [ = # ## " % | | ???????### % # ### # ## " * | | ???????###* = ########= = ## =% | | | ????????##% ##?? # ####+######## =%!! % | | ????????## ?????? # """ #### ######## | | ???????? ??????## "T" #### ######## ! | | ?????????????????## #### ######## | | ?????????????????## %+% % ! | | ?????????????????## # ##+##+ | | ?????????????????##! # # | | ?????????????????######## + | | ?????????????????############################ | | ???????????????????????###################### | | ????????????????????????????????## = !#######" | | ????????????????????????????????##""" ##### | | ????????????????????##########??##""" ! ##### | | ????????????????????##########??##""" / + + [ | | ????????????????????## ##??## /##### | | ????????????????????## """ ##??##""" ##### " | | ????????????????????## "Y" ##??##""" ! ##?## " | | ????????????????????## ????##""" [ ##?## " | | ????????????????????## ?????## ! ##?## | | ?????????????????????# #??######+#####?##### | | ?????????????????????####Y######### ####### | | ?????????????????????## @ ####### ####???? | | ?????????????????????## t "" ? | | ?????????????? Y T | | ??????????????######### a | | ??????????????######### ####### ####### | | ?????????????????????#### ######### ####### | | ?????????????????????####h####???###########?????? | | ???????????????????????## ##????? ######?????? | | ???????????????????????## ##?????????????????????? | | ???????????????????????## ##?????????????????????? | | ??????????????????????? ???????????????????????? | | ???????????????????????? ???????????????????????? | | ???????????????????????? ???????????????????????? | | ???????????????????????? ???????????????????????? | | ???????????????????????? ???????????????????????? | | ???????????????????????? ??????????+????????????? | | ?????????????????????????????????????????????????? | | ????????????????????????????????????????????????+? | | ?????????????????????????????????????????????????? | | ?????????????????????????????????????????????????? | | ?????????????????????????????????????????????????? | | ?????????????????????????????????????????????????? | | ?????????+???+???????????????????????????????????? | | ?????????????????????????????????????????????????? | | ?????????????????????????????????????????????????? | +----------------------------------------------------+ Best States ------------- Heat Dissipation 59 Energy Generation 14 Energy Capacity 250 Matter Stores 300 Matter Capacity 300 Sight Range 16 Terrain Scan Density 10 Armor Coverage 150 Evasion (%) 50 Particle Charging 15 Offensive Hacking 10 Item Schematics ----------------- None Robot Schematics ------------------ None Fabricated ------------ Nothing Alien Tech Used ----------------- None Achievements -------------- None Challenges ------------ None Game ------ Seed ArmageddonRocketAutogun Manual? 0 Play Time 00:20:07 Cumulative 83.1 hours Start 2024.10.23 @ 17:00:33 End 2024.10.24 @ 19:21:26 Sessions 3 Manual Loads 0 Difficulty Rogue Special Mode None Game No. 138 Rogue 137 Adventurer 1 Explorer 0 Win Type - Total 0 Types 0/0/0/0/0/0/0/0/0 Lore% 50 Gallery% 52 Achievement% 44 Wizard Run 0 Options --------- Layout 1 ASCII 0 Keyboard 0 Movement Mouse Keybinds 0 Fullscreen 2 Font 24/Terminus Map View 50x35 Zoom Use 0% Tactical HUD 1 Map Filters NONE Filters NONE Steam 1 RUN: efa5ccce-383f-4b49-a21b-aea8d0c24e80